 Dungeon Crawl Stone Soup version 0.28-a0-983-g1de4e0787c (webtiles) character file.

Game seed: 1505157945285578032

11776 Glokmah the Covert (level 12, -21/75 HPs)
             Began as a Kobold Hunter on Dec 3, 2021.
             Was a Priest of Trog.
             Demolished by a sun demon (27 damage)
             ... in a volcano.
             The game lasted 00:24:54 (14972 turns).

Glokmah the Covert (Kobold Hunter)                 Turns: 14972, Time: 00:24:54

Health: -21/75     AC:  8    Str: 17    XL:     12   Next: 12%
Magic:  12/12      EV: 18    Int: 13    God:    Trog [***...]
Gold:   573        SH:  0    Dex: 18    Spells: 11/11 levels left

rFire   . . .      SeeInvis .   a - +2 hand crossbow (elec)
rCold   . . .      Faith    .   (shield restricted)
rNeg    . . .      Spirit   .   G - +2 robe of Wu Jian's Respect {Harm}
rPois   .          Reflect  .   e - +2 hat
rElec   .          Harm     +   (no cloak)
rCorr   .          Rampage  .   C - +1 pair of gloves
Will    +++..                   (no boots)
Stlth   ++++++....              (no amulet)
HPRegen 1.22/turn               g - +6 ring of strength
MPRegen 0.13/turn               l - ring of willpower

@: strong-willed, regenerating
A: small, no large weapons, nightstalker 3
a: Renounce Religion, Berserk, Trog's Hand


You were in a volcano.
You worshipped Trog.
Trog was most pleased with you.
You visited 2 branches of the dungeon, and saw 12 of its levels.
You also visited: Sewer and Volcano.

You collected 573 gold pieces.

Inventory:

Hand Weapons
 a - a +2 hand crossbow of electrocution (weapon)
 b - a +3 dagger of venom
Missiles
 d - 68 bolts (quivered ammo)
 m - 58 poisoned darts
 D - 5 boomerangs
 J - a throwing net
Armour
 e - a +2 hat (worn)
 j - a +2 robe of willpower
 C - a +1 pair of gloves (worn)
 G - the +2 robe of Wu Jian's Respect (worn) {Harm}
   (You found it on level 1 of the Lair of Beasts)

   Harm:      It increases damage dealt and taken.
Jewellery
 g - a +6 ring of strength (left hand)
 h - a ring of resist corrosion
 k - a +6 ring of dexterity
 l - a ring of willpower (right hand)
 x - a ring of fire
Wands
 v - a wand of digging (18)
 E - a wand of acid (14)
 H - a wand of paralysis (10)
 M - a wand of polymorph (1)
Scrolls
 n - 3 scrolls of teleportation
 p - a scroll of amnesia
 q - a scroll of identify
 w - 3 scrolls of magic mapping
 y - a scroll of fear
 F - a scroll of brand weapon
 I - a scroll of acquirement
Potions
 c - 4 potions of flight
 f - 3 potions of might
 i - a potion of berserk rage
 o - 4 potions of brilliance
 r - a potion of mutation
 s - 5 potions of curing
 t - a potion of cancellation
 u - 2 potions of degeneration
 z - a potion of magic
 B - a potion of haste
 L - a potion of resistance


   Skills:
 + Level 8.9 Fighting
 - Level 10.0 Short Blades
 - Level 10.0 Crossbows
 - Level 6.0 Armour
 * Level 6.6 Dodging
 * Level 12.9 Stealth
 + Level 3.3 Evocations


You had 11 spell levels left.
You didn't know any spells.
Your spell library was empty.

Dungeon Overview and Level Annotations

Branches:
Dungeon (10/15)            Temple (0/1) D:5            Lair (2/6) D:8
  Sewer (visited)         Volcano (1/1)
  Swamp: Lair:2-4    Shoals: Lair:2-4     Snake: Lair:2-4    Spider: Lair:2-4
    Orc: D:9-12

Altars:
Fedhas
Qazlal
Trog
Xom

Shops:
D:4 (   D:8 =

Annotations:
Lair:1 exclusion: oklob plant


Innate Abilities, Weirdness & Mutations

You are small and have problems with some larger weapons.
You are completely attuned to the shadows.


Message History

You hear a bark! x3; You hear a roar!
You hear a shout!
There is a rock-blocked tunnel here.
There is a rocky tunnel leading out of this place here.
A hell hound comes into view.
A hell hound is nearby!
You catch the helpless hell hound completely off-guard!
You perforate the hell hound like a sieve!!!
You kill the hell hound!
Trog accepts your kill.
You see here a hell hound corpse.
You see here a hell hound corpse.
You see here a hell hound corpse.
Okay, then.
A sun demon comes into view.
The sun demon shouts!
You hear a bark!
The sun demon misses you.
Your +3 dagger of venom stops dripping with poison.
You hear the crackle of electricity.
a - a +2 hand crossbow of electrocution (weapon)
The sun demon hits you!
You are engulfed in flames!
Your skin crawls.
You feel strong-willed.
A sun demon comes into view.
The sun demon barely misses you.
Fire: 70 bolts
Press: ? - help, Q - select action, (/) - cycle Shift-Dir - straight line, f - sun demon
Aim: a sun demon (69% to hit)
You shoot a bolt. The sun demon shouts!
The bolt hits the sun demon but does no damage.
The sun demon barely misses you.
Fire: 69 bolts
Press: ? - help, Q - select action, (/) - cycle Shift-Dir - straight line, f/p - sun demon
Aim: a sun demon (69% to hit)
You shoot a bolt. The bolt hits the sun demon.
The sun demon is lightly wounded.
The sun demon hits you!
You are engulfed in flames!!
* * * LOW HITPOINT WARNING * * *
The sun demon hits you!!
You die...

.. ... .. ...#
.... ....####...#
....3......#
.....@3....###
###.§§§......##
#§§..§......## ##
##..§........##..#
########......#.#
##....#..#
#.......#
#.......#
##....#.#


You could see 2 sun demons.

Vanquished Creatures
  A centaur warrior (D:9)
  3 two-headed ogres
  A black mamba (Lair:1)
  A cane toad (Lair:1)
  2 komodo dragons (D:8)
  2 polar bears
  Grinder (D:4)
  Sigmund (D:2)
  A wraith (D:10)
  18 yaks
  2 steam dragons (D:9)
  Menkaure (D:6)
  4 water moccasins
  A hell hound (Volcano)
  Duvessa (D:6)
  An orc warrior (D:8)
  4 black bears
  An ice beast (D:7)
  A sky beast (D:7)
  3 necrophages
  3 ogres
  2 centaurs
  A kobold brigand (Sewer)
  Blork the orc (D:6)
  9 bullfrogs
  Dowan (D:6)
  9 killer bees
  6 wights
  2 electric eels (D:9)
  A centaur zombie (D:8)
  7 hounds
  A jelly (D:6)
  3 orc priests
  A bullfrog skeleton (D:5)
  2 centaur skeletons
  8 orc wizards
  Natasha (thrice) (D:4)
  2 hound skeletons (D:4)
  A howler monkey zombie (D:7)
  6 gnolls
  4 howler monkey skeletons
  4 adders
  2 shadow imps
  A white imp (D:5)
  An ufetubus (D:6)
  A worm (D:2)
  2 dart slugs
  28 orcs
  9 endoplasms
  2 giant cockroaches (D:3)
  9 goblins
  7 hobgoblins
  2 jackals (Sewer)
  4 quokkas
  6 ball pythons
  5 bats
  3 frilled lizards
  15 kobolds
  7 rats
231 creatures vanquished.

Vanquished Creatures (others)
  50 fungi
  53 plants
103 creatures vanquished.

Grand Total: 334 creatures vanquished

Notes
Turn   | Place    | Note
-------+----------+-------------------------------------------
     0 | D:1      | Glokmah the Kobold Hunter began the quest for the Orb.
     0 | D:1      | Reached XP level 1. HP: 12/12 MP: 1/1
   113 | D:1      | Reached skill level 5 in Crossbows
   416 | D:1      | Reached XP level 2. HP: 18/18 MP: 2/2
   459 | D:1      | Reached skill level 2 in Stealth
   477 | D:1      | Found a faded altar of an unknown god.
   913 | D:2      | Noticed Sigmund
  1006 | D:2      | Reached XP level 3. HP: 17/22 MP: 3/3
  1119 | D:2      | Found a bloodstained altar of Trog.
  1129 | D:2      | Became a worshipper of Trog the Wrathful
  1309 | D:2      | Reached skill level 1 in Short Blades
  1614 | D:2      | Killed Sigmund
  1615 | D:2      | Reached XP level 4. HP: 5/28 MP: 4/4
  1615 | D:2      | Reached XP level 5. HP: 5/32 MP: 5/5
  1615 | D:2      | Reached XP level 6. HP: 6/37 MP: 6/6
  2706 | D:3      | Reached * piety under Trog
  3649 | D:4      | Noticed Natasha
  3656 | D:4      | Killed Natasha
  3657 | D:4      | Reached XP level 7. HP: 31/42 MP: 7/7
  3697 | D:4      | Noticed Natasha
  3705 | D:4      | Killed Natasha
  3911 | D:4      | Found Noybboz's Weapon Shop.
  3953 | D:4      | Found a stormy altar of Qazlal.
  4368 | D:4      | Noticed Natasha
  4377 | D:4      | Killed Natasha
  4378 | D:4      | Reached skill level 5 in Short Blades
  4413 | D:4      | Noticed Grinder
  4420 | D:4      | Killed Grinder
  4421 | D:4      | Reached XP level 8. HP: 48/48 MP: 8/8
  4601 | D:5      | Entered Level 5 of the Dungeon
  4810 | D:5      | Reached skill level 3 in Stealth
  4871 | D:5      | Found a shimmering altar of Xom.
  4903 | D:5      | Found a glowing drain.
  4909 | Sewer    | Entered a sewer
  4915 | Sewer    | Reached ** piety under Trog
  5202 | Sewer    | Found a white marble altar of Elyvilon.
  5450 | D:5      | Found a staircase to the Ecumenical Temple.
  5582 | D:5      | Identified the +6 shortbow of the Shore {venom, rF- Int+4
                  | Stlth+}
  6155 | D:6      | Reached skill level 5 in Fighting
  6214 | D:6      | Reached skill level 4 in Stealth
  6425 | D:6      | Reached XP level 9. HP: 31/54 MP: 9/9
  6753 | D:6      | Noticed Menkaure
  6764 | D:6      | Killed Menkaure
  6911 | D:6      | Noticed Duvessa
  6913 | D:6      | Noticed Dowan
  6914 | D:6      | Killed Duvessa
  6944 | D:6      | Killed Dowan
  7061 | D:6      | Reached skill level 5 in Stealth
  7354 | D:6      | Noticed Blork the orc
  7371 | D:6      | Killed Blork the orc
  8166 | D:7      | Reached skill level 10 in Crossbows
  8382 | D:7      | Reached skill level 1 in Armour
  8604 | D:7      | Noticed a two-headed ogre
  8614 | D:7      | Killed a two-headed ogre
  8615 | D:7      | Reached skill level 10 in Short Blades
  8615 | D:7      | Reached skill level 6 in Stealth
  8615 | D:7      | Reached XP level 10. HP: 50/61 MP: 10/10
  8746 | D:7      | Found a blossoming altar of Fedhas.
  8867 | D:7      | Reached skill level 7 in Stealth
  9322 | D:8      | You fall into a shaft and drop 2 floors!
  9322 | D:10     | Entered Level 10 of the Dungeon
  9545 | D:10     | Reached skill level 8 in Stealth
 10016 | D:9      | Noticed a two-headed ogre
 10034 | D:9      | Killed a two-headed ogre
 10035 | D:9      | Reached skill level 9 in Stealth
 10298 | D:9      | Noticed a centaur warrior
 10329 | D:9      | Killed a centaur warrior
 10330 | D:9      | Reached XP level 11. HP: 14/67 MP: 11/11
 10489 | D:9      | Reached skill level 10 in Stealth
 10500 | D:9      | Reached *** piety under Trog
 10501 | D:9      | Reached skill level 5 in Armour
 11122 | D:8      | Noticed a two-headed ogre
 11128 | D:8      | Killed a two-headed ogre
 11129 | D:8      | Reached skill level 11 in Stealth
 11234 | D:8      | HP: 2/68 [komodo dragon (25)]
 12104 | D:8      | Reached skill level 1 in Evocations
 12258 | D:8      | HP: 2/102 [komodo dragon (28)]
 12628 | D:8      | Found a staircase to the Lair.
 12675 | D:8      | Found a bloodstained altar of Trog.
 12819 | D:8      | Found Xeoklys's Jewellery Shop.
 12976 | Lair:1   | Entered Level 1 of the Lair of Beasts
 13255 | Lair:1   | Reached skill level 5 in Dodging
 13255 | Lair:1   | Reached skill level 12 in Stealth
 13733 | Lair:1   | Reached XP level 12. HP: 50/75 MP: 12/12
 14035 | Lair:1   | Identified the +0 war axe of Vosyuj {venom, rC++ Stlth+}
 14118 | Lair:1   | Identified the +2 robe of Wu Jian's Respect {Harm}
 14740 | Lair:2   | Found a dark tunnel.
 14746 | Volcano  | Entered a volcano
 14915 | Volcano  | Identified a scroll of acquirement
 14965 | Volcano  | Noticed a sun demon
 14970 | Volcano  | Noticed a sun demon
 14972 | Volcano  | Demolished by a sun demon

Illustrated notes

Levels and vault maps discovered:
D:1:      amcnicky_arrival_flooded_fountain, layout_loops_cross,
          nicolae_ecumenical_snake_handling
D:2:      layout_loops_ring, basic_altar, minmay_crystal_water, uniq_sigmund
D:3:      layout_loops_ring
D:4:      layout_loops_corners, lemuel_round_altar, serial_shops,
          nicolae_square_shop, uniq_grinder, uniq_natasha
D:5:      layout_rooms, lemuel_crystal_altar, minmay_temple_entry_tees,
          portal_sewer_entry_d
D:6:      layout_layer_cave, uniq_blork_the_orc, uniq_menkaure, uniq_duvessa
D:7:      layout_loops_ring, marbit_many_paths
D:8:      layout_rooms, trog_hazing_becter, due_lair_maze_entry_diamond,
          serial_shops, nicolae_take_the_stairs
D:9:      layout_basic, minitemple, kennysheep_boxes
D:10:     layout_roguey, uniq_sonja
Lair:1:   layout_misc_corridors, minmay_lair_oklob_bushes,
          infiniplex_staircase_pool_2, grunt_megastairs_3
Lair:2:   gammafunk_boulding_lane, layout_hall_layers,
          nicolae_volcano_entry_vermiform
Volcano:  hellmonk_smoking_crater

Skill      XL: |  1  2  3  4  5  6  7  8  9 10 11 |
---------------+----------------------------------+-----
Crossbows      | 5 6 7 9 10 | 10.0
Stealth        | 2 4 6 9 12 | 12.9
Short Blades   | 3 4 5 7 10 | 10.0
Fighting       | 3 4 5 6 7 8 |  8.9
Dodging        | 3 4 6 |  6.6
Armour         | 2 4 6 |  6.0
Evocations     | 3 |  3.3

Action                   |  1- 3 |  4- 6 |  7- 9 | 10-12 || total
-------------------------+-------+-------+-------+-------++-------
Melee: Short sword       |    35 |    15 |       |       ||    50
       Dagger            |       |    46 |   355 |   490 ||   891
 Fire: Hand crossbow     |    46 |    22 |     6 |    76 ||   150
Throw: Dart              |       |       |       |     2 ||     2
Invok: Berserk           |       |       |     6 |     6 ||    12
       Trog's Hand       |       |       |       |     4 ||     4
  Use: Scroll            |       |       |    12 |    17 ||    29
       Potion            |       |       |       |     2 ||     2
 Stab: Sleeping          |    10 |    10 |    17 |     9 ||    46
       Distracted        |       |       |     2 |     2 ||     4
Armor: Leather armour    |     3 |       |       |       ||     3
       Robe              |     5 |    18 |    64 |    45 ||   132
       Chain mail        |       |       |     9 |   107 ||   116
Dodge: Dodged            |    31 |    48 |   192 |   240 ||   511

Table legend: (Time is in decaauts)
 A = Elapsed time spent in this place.
 B = Non-inter-level travel time spent in this place.
 C = Inter-level travel time spent in this place.
 D = Time resting spent in this place.
 E = Time spent auto-exploring this place.
 F = Levels seen in this place.
 G = Mean time per level.
                   A        B        C        D        E       F      G
               +--------+--------+--------+--------+--------+-----+--------+
         Total |  14821 |  14325 |    496 |   2874 |   9023 |  14 | 1058.6 |
       Dungeon |  12375 |  11941 |    434 |   1742 |   8213 |  10 | 1237.5 |
          Lair |   1710 |   1648 |     62 |    864 |    503 |   2 |  855.0 |
         Sewer |    510 |    510 |      0 |    109 |    306 |   1 |  510.0 |
       Volcano |    224 |    224 |      0 |    159 |      0 |   1 |  224.0 |
               +--------+--------+--------+--------+--------+-----+--------+

Top non-repeatable levels by time:
     D:6: 1992 daAuts
     D:7: 1874 daAuts
  Lair:1: 1646 daAuts
     D:4: 1511 daAuts
     D:2: 1495 daAuts
     D:9: 1216 daAuts
     D:8: 1197 daAuts
     D:1: 985 daAuts
     D:5: 782 daAuts
     D:3: 775 daAuts
    D:10: 543 daAuts
   Sewer: 510 daAuts
 Volcano: 224 daAuts
  Lair:2: 63 daAuts
